 Dungeon Crawl Stone Soup version 0.32-a0-12-g7fc57aa741 (webtiles) character file.

Game seed: 1493875960219292474

558892 Armakuni the Sorcerer (level 26, 0/175 (198) HPs)
             Began as a Human Wanderer on Jan 13, 2024.
             Was the Champion of Vehumet.
             Killed from afar by a shadow dragon (30 damage)
             ... with a bolt of negative energy
             ... on level 1 of the Realm of Zot on Jan 14, 2024.
             The game lasted 04:13:46 (60231 turns).

Armakuni the Sorcerer (Human Wanderer)             Turns: 60231, Time: 04:13:46

HP:   0/175 (198)   AC: 19    Str: 13    XL:     26   Next: 57%
MP:   30/61         EV: 21    Int: 38    God:    Vehumet [******]
Gold: 3253          SH: 10    Dex: 23    Spells: 18/75 levels left

rFire   + + +        b - staff of fire
rCold   + + +        g - +3 buckler {AC+3}
rNeg    . . .        q - +4 skin of Zhor {*Englaciate rC+++ SInv}
rPois   +            z - +2 helmet {Int+3}
rElec   +            R - +0 cloak "Eleafron" {Int+5 Dex+3}
rCorr   .            W - +1 pair of gloves "Nixigetz" {rF+ Dex+4 Slay-2}
SInv    +            O - +2 pair of boots {rampage}
Will    +....        M - amulet of magic regeneration
Stlth   +++          E - ring of Mevva {rF+ EV+5 Str+2 Int+3 Dex+4}
HPRegen 0.49/turn    F - ring of Ashenzari, Devouring {rElec rPois MP+9 Stlth+}
MPRegen 0.77/turn

%: rampage
@: slowed, studying Short Blades, heavily drained, very slow
A: explore regen, clever 1, clumsy 1
}: 3/15 runes: serpentine, barnacled, silver
a: Renounce Religion


You were on level 1 of the Realm of Zot.
You worshipped Vehumet.
Vehumet was exalted by your worship.
You visited 11 branches of the dungeon, and saw 47 of its levels.
You visited 1 bazaar.
You also visited: Sewer, Gauntlet, Ice Cave and Desolation.

You collected 10742 gold pieces.
You spent 7489 gold pieces at shops.

Inventory:

Armour
 g - a +3 buckler of protection (worn)
 q - the +4 skin of Zhor (worn) {*Englaciate rC+++ SInv}
   (You found it in an ice cave)

   *Englaciate: It radiates cold, occasionally slowing all nearby creatures who
   are not resistant to cold.
   rC+++:     It renders you almost immune to cold.
   SInv:      It lets you see invisible.
 z - a +2 helmet of intelligence (worn)
 O - a +2 pair of boots of rampaging (worn)
 R - the +0 cloak "Eleafron" (worn) {Int+5 Dex+3}
   (You found it on level 3 of the Elven Halls)

   Int+5:     It affects your intelligence (+5).
   Dex+3:     It affects your dexterity (+3).
 W - the +1 pair of gloves "Nixigetz" (worn) {rF+ Dex+4 Slay-2}
   (You found it on level 3 of the Vaults)

   Dex+4:     It affects your dexterity (+4).
   Slay-2:    It affects your accuracy & damage with ranged weapons and melee
   (-2).
   rF+:       It protects you from fire.
 Y - a scarf of resistance
Magical Staves
 a - a staff of conjuration
 b - a staff of fire (weapon)
Jewellery
 A - the ring of Eninn {Fly rPois Str+3 Dex+2}
   (You found it on level 3 of the Crypt)

   [ring of flight]

   Str+3:     It affects your strength (+3).
   Dex+2:     It affects your dexterity (+2).
   rPois:     It protects you from poison Fly: It grants you flight.
 E - the ring of Mevva (left hand) {rF+ EV+5 Str+2 Int+3 Dex+4}
   (You bought it in a shop on level 2 of the Depths)

   [ring of evasion]

   EV+5:      It affects your evasion (+5).
   Str+2:     It affects your strength (+2).
   Int+3:     It affects your intelligence (+3).
   Dex+4:     It affects your dexterity (+4).
   rF+:       It protects you from fire.
 F - the ring of Ashenzari, Devouring (right hand) {rElec rPois MP+9 Stlth+}
   (You took it off a merfolk impaler on level 4 of the Shoals)

   [ring of magical power]

   rElec:     It insulates you from electricity.
   rPois:     It protects you from poison MP+9: It affects your magic capacity
   (+9).
   Stlth+:    It makes you more stealthy.
 K - the ring "Yhulluen" {rF+ rCorr Str+4}
   (You found it in the Desolation of Salt)

   [ring of resist corrosion]

   Str+4:     It affects your strength (+4).
   rF+:       It protects you from fire.
   rCorr:     It protects you from acid and corrosion.
 M - an amulet of magic regeneration (around neck)
Wands
 k - a wand of digging (16)
 m - a wand of mindburst (31)
 o - a wand of acid (11)
 p - a wand of paralysis (25)
 r - a wand of roots (63)
Scrolls
 e - 8 scrolls of revelation
 j - 7 scrolls of fear
 t - 9 scrolls of immolation
 x - 2 scrolls of torment
 y - 8 scrolls of blinking
 C - 20 scrolls of identify
 G - 19 scrolls of teleportation
 J - 2 scrolls of noise
 N - 3 scrolls of butterflies
 Q - 8 scrolls of fog
 S - 2 scrolls of amnesia
 T - 5 scrolls of poison
 V - 5 scrolls of enchant armour
Potions
 c - 13 potions of haste
 d - 3 potions of cancellation
 f - 9 potions of lignification
 i - 2 potions of berserk rage
 n - 17 potions of curing
 s - 12 potions of heal wounds
 u - 2 potions of might
 v - 2 potions of attraction
 w - 3 potions of resistance
 B - 3 potions of ambrosia
 H - 2 potions of invisibility
 L - 8 potions of enlightenment
 U - 6 potions of brilliance
 X - 9 potions of mutation
Miscellaneous
 h - a phantom mirror
 l - a lightning rod (4/4)
 D - a box of beasts


   Skills:
 - Level 14.0 Fighting
 - Level 5.0 Staves
 - Level 5.0 Armour
 - Level 6.0 Dodging
 - Level 9.0 Shields
 + Level 25.1 Spellcasting
 - Level 22.1 Conjurations
 - Level 2.0 Summonings
 - Level 5.0 Necromancy
 - Level 4.0 Translocations
 - Level 23.0 Fire Magic
 - Level 2.0 Ice Magic
 - Level 8.0 Air Magic
 - Level 10.0 Earth Magic
 - Level 4.0 Alchemy
 - Level 10.0 Evocations


You had 18 spell levels left.
You knew the following spells:

 Your Spells              Type           Power      Damage    Failure   Level
b - Blink                 Tloc           100%       N/A       1%          2
c - Lehudib's Crystal Sp  Conj/Erth      53%        10d12     1%          8
f - Fireball              Conj/Fire      73%        3d27      0%          5
i - Ignition              Fire           73%        3d19      1%          8
k - Call Canine Familiar  Summ           58%        N/A       1%          3
m - Iskenderun's Mystic   Conj/Tloc      98%        2d19      1%          4
o - Orb of Destruction    Conj           60%        9d15      1%          7
p - Plasma Beam           Fire/Air       64%        2x1d80    1%          6
r - Irradiate             Conj/Alch      49%        3d28      1%          5
s - Sticky Flame          Fire/Alch      100%       2d15      0%          4
w - Passwall              Erth           89%        N/A       1%          3
S - Sublimation of Blood  Necr           72%        N/A       1%          2

Your spell library contained the following spells:

 Spells                   Type           Power      Damage    Failure   Level
 Chain Lightning          Conj/Air       52%        3d69      28%         9
 Maxwell's Capacitive Co  Air            41%        ∞         32%         8
 Kiss of Death            Conj/Necr      100%       2d13      0%          1
 Magic Dart               Conj           100%       1d8       0%          1
 Sandblast                Erth           100%       2d20      0%          1
 Shock                    Conj/Air       100%       1d9       0%          1
 Inner Flame              Hex/Fire       100%       N/A       0%          3
 Mephitic Cloud           Conj/Alch/Air  94%        N/A       0%          3
 Stone Arrow              Conj/Erth      100%       3d13      0%          3
 Volatile Blastmotes      Fire/Tloc      100%       2d18      0%          3
 Brom's Barrelling Bould  Conj/Erth      100%       2d11      0%          4
 Flame Wave               Conj/Fire      100%       2d21      0%          4
 Ignite Poison            Fire/Alch      100%       N/A       0%          4
 Freeze                   Ice            100%       1d10      1%          1
 Necrotise                Necr           100%       1d9       1%          1
 Slow                     Hex            100%       N/A       1%          1
 Summon Small Mammal      Summ           100%       N/A       1%          1
 Call Imp                 Summ           100%       N/A       1%          2
 Cigotuvi's Dreadful Rot  Necr/Alch/Air  100%       N/A       1%          2
 Ensorcelled Hibernation  Hex/Ice        100%       N/A       1%          2
 Jinxbite                 Hex            94%        N/A       1%          2
 Mercury Vapours          Alch/Air       100%       N/A       1%          2
 Confusing Touch          Hex            47%        N/A       1%          3
 Frozen Ramparts          Ice            100%       1d16      1%          3
 Fugue of the Fallen      Necr           72%        N/A       1%          3
 Gell's Gravitas          Tloc           67%        N/A       1%          3
 Ozocubu's Armour         Ice            58%        N/A       1%          3
 Sigil of Binding         Hex            47%        N/A       1%          3
 Swiftness                Air            83%        N/A       1%          3
 Teleport Other           Tloc           67%        N/A       1%          3
 Tukima's Dance           Hex            47%        N/A       1%          3
 Vampiric Draining        Necr           72%        2d11      1%          3
 Airstrike                Air            41%        2d(6-22)  1%          4
 Anguish                  Hex/Necr       30%        N/A       1%          4
 Animate Armour           Summ/Erth      100%       N/A       1%          4
 Dispel Undead            Necr           72%        3d24      1%          4
 Fulminant Prism          Conj/Alch      49%        3d21      1%          4
 Manifold Assault         Tloc           67%        N/A       1%          4
 Martyr's Knell           Necr/Summ      65%        N/A       1%          4
 Passage of Golubria      Tloc           67%        N/A       1%          4
 Petrify                  Alch/Erth      79%        N/A       1%          4
 Summon Blazeheart Golem  Fire/Summ      100%       N/A       1%          4
 Borgnjor's Vile Clutch   Necr/Erth      40%        N/A       1%          5
 Curse of Agony           Necr           72%        N/A       1%          5
 Freezing Cloud           Conj/Ice/Air   46%        6-21      1%          5
 Yara's Violent Unravell  Hex/Alch       29%        3d12      1%          5
 Dimensional Bullseye     Hex/Tloc       29%        N/A       2%          4
 Alistair's Intoxication  Alch           44%        N/A       3%          5
 Silence                  Hex/Air        33%        N/A       3%          5
 Cause Fear               Hex            23%        N/A       5%          4
 Metabolic Englaciation   Hex/Ice        26%        N/A       10%         5
 Dispersal                Tloc           33%        N/A       16%         6
 Sculpt Simulacrum        Ice/Alch       31%        N/A       24%         6
 Haunt                    Necr/Summ      32%        N/A       73%         7
 Malign Gateway           Summ/Tloc      31%        N/A       80%         7
 Summon Hydra             Summ           29%        N/A       90%         7
 Enfeeble                 Hex            23%        N/A       99%         7
 Borgnjor's Revivificati  Necr           36%        N/A       99%         8
 Summon Horrible Things   Summ           29%        N/A       100%        8
 Death's Door             Necr           36%        N/A       100%        9
 Dragon's Call            Summ           29%        N/A       100%        9
 Polar Vortex             Ice            29%        12d3*     100%        9


Dungeon Overview and Level Annotations

Branches:
Dungeon (15/15)            Temple (1/1) D:5            Lair (5/5) D:9
 Shoals (4/4) Lair:2        Snake (4/4) Lair:3        Slime (0/5) Lair:4
    Orc (2/2) D:11            Elf (3/3) Orc:2        Vaults (5/5) D:13
  Crypt (3/3) Vaults:2       Tomb (0/3) Crypt:3      Depths (4/4) D:15
    Zot (1/5) Depths:4      Sewer (visited)           IceCv (visited)
Desolation (visited)      Gauntlet (visited)

Altars:
Ashenzari
Cheibriados
Dithmenos
Elyvilon
Fedhas
Gozag
Hepliaklqana
Kikubaaqudgha
Makhleb
Nemelex Xobeh
Okawaru
Qazlal
Ru
Sif Muna
Trog
Uskayaw
Vehumet
Wu Jian
Xom
Yredelemnul
Zin
The Shining One

Shops:
D:7 (:   D:8 *   D:9 =   Orc:2 ?[[!*   Elf:1 :*:*!   Shoals:1 [   Shoals:2 *
Shoals:3 ?   Shoals:4 [   Vaults:5 ???!!*?*=   Depths:2 ?==

Portals:
Hell: Depths:1 Depths:2 Depths:3 Depths:4
Abyss: D:6 Depths:2 Depths:3
Pandemonium: Depths:2
Ziggurat: Depths:1

Annotations:
Elf:2 5 runed translucent doors


Innate Abilities, Weirdness & Mutations

You regain HP and MP as you explore.
Your mind is acute. (Int +4, Str/Dex -1)
You are clumsy. (Dex -2)


Message History

You feel as though you will be slow longer.
The death cob hits you but does no damage.
You block the death cob's attack. The death cob barely misses you.
The death cob hits you.
* * * LOW HITPOINT WARNING * * *
The death cob drains your vigour!
You feel as though you will be slow longer.
There is a gate leading back out of this place here.
Casting: Iskenderun's Mystic Blast (safe; 1% risk of failure)
Confirm with . or Enter, or press ? or * to list all spells.
You erupt in a blast of force!
The mystic blast hits the death cob!
The death cob is heavily damaged.
The death cob is knocked back by the mystic blast.
The mystic blast hits the death cob.
The death cob is severely damaged.
The death cob is knocked back by the mystic blast.
The death cob slams into the rock wall!
The death cob is almost destroyed.
You radiate an aura of cold.
The death cob is unaffected. x2
The death cob hits you.
* * * LOW HITPOINT WARNING * * *
The death cob drains your vigour!
You feel as though you will be slow longer.
The death cob misses you.
A tentacled monstrosity comes into view.
The death cob misses you.
Casting: Iskenderun's Mystic Blast (safe; 1% risk of failure)
Confirm with . or Enter, or press ? or * to list all spells.
You erupt in a blast of force!
The mystic blast hits the death cob!
The death cob is severely damaged.
The death cob is knocked back by the mystic blast.
The mystic blast hits the shadow dragon!!
The shadow dragon is heavily wounded.
The mystic blast hits the death cob!!
You destroy the death cob!
Vehumet accepts your kill.
You feel your power returning.
The shadow dragon breathes negative energy at you.
The bolt of negative energy hits you!!
You feel drained.
You die...

..# .....# .. #..#
.....#.. .
#...##....#X ..
.....
#....#.....#...
##...##......z.....
Y#....# .........
##..... #...D#
....... #.[..#
#####.. #..@.#
#.YY#..####....#
+###)...#..##.#
......)##..## .#
....... ##.# .#
....... #.# .#
####... #.# .#
..Y#... #.# .#
+###... ...


You could see a shadow dragon (catching breath), a tentacled monstrosity and a
death cob.

Vanquished Creatures
  2 dread liches
  Mennas (Vaults:4)
  2 ancient liches
  Sojobo (Vaults:5)
  Bai Suzhen (Vaults:5)
  Vashnia (Snake:4)
  Saint Roka (Depths:1)
  2 golden dragons
  A bone dragon (Crypt:3)
  Mlioglotl (Shoals:4)
  An Ice Fiend (IceCv)
  Jorgrun (D:14)
  5 tentacled monstrosities
  A walking earthen tome (Depths:3)
  5 liches
  A deep elf master archer (Elf:3)
  4 quicksilver dragons
  6 titans
  2 walking divine tomes (Depths:2)
  A walking frostbound tome (Depths:3)
  An ancient champion (Crypt:2)
  Polyphemus (Shoals:3)
  2 deep elf blademasters (Elf:3)
  8 sphinxes
  4 death cobs (Zot:1)
  12 tengu reavers
  Gastronok (D:9)
  Roxanne (D:14)
  Donald (Vaults:2)
  8 storm dragons
  3 shadow dragons
  2 revenants (Crypt:2)
  The ghost of Pudaididd the Metamorph, an adept DsMo of Gozag (Snake:2)
  A balrug (Depths:1)
  9 deep elf sorcerers
  13 frost giants
  10 fire giants
  Louise (D:14)
  7 nagarajas (Snake:4)
  18 vault wardens
  2 imperial myrmidons (Desolation)
  A draconian scorcher (Depths:4)
  An iron dragon (Vaults:5)
  5 deep elf elementalists (Elf:3)
  2 angels (Vaults:3)
  A ghoul (Crypt:3)
  5 orc warlords
  A caustic shrike zombie (Crypt:3)
  9 very ugly things
  A reaper (Depths:1)
  3 spriggan defenders (Depths:2)
  A draconian stormcaller (Depths:4)
  16 ironbound preservers
  3 formless jellyfish
  5 deep elf demonologists
  13 stone giants
  11 vampire knights
  2 green draconians (Depths:4)
  6 ironbound thunderhulks
  9 deep elf death magi
  16 deep elf annihilators
  A halazid warlock (Desolation)
  A red draconian (Depths:4)
  4 spark wasps
  2 black draconians
  10 war gargoyles
  Azrael (D:12)
  2 purple draconians (Depths:4)
  4 dire elephants
  A yellow draconian (Depths:4)
  A minotaur (Gauntlet)
  Snorg (D:12)
  3 eidola
  6 merfolk javelineers
  8 ettins
  10 ragged hierophants (Desolation)
  12 deep elf high priests
  12 yaktaur captains
  9 merfolk impalers
  Josephine (D:13)
  7 crystal guardians
  An entropy weaver (Vaults:4)
  7 ice dragons
  11 fire dragons
  3 servants of whispers (Desolation)
  3 rakshasas
  6 great orbs of eyes
  5 jiangshi (Crypt:2)
  Fannar (D:10)
  36 vault guards
  7 peacekeepers
  Erolcha (D:9)
  8 anacondas
  Harold (Lair:1)
  2 caustic shrike simulacra (IceCv)
  7 hydras
  2 salamander tyrants
  Erica (D:9)
  2 alligators (Shoals:3)
  7 alligator snapping turtles
  The ghost of Raspi the Mimic, a novice TrSh of Uskayaw (D:9)
  6 ironbound frosthearts
  4 spriggan air magi
  3 catoblepae
  A hell beast (Depths:1)
  6 ogre magi
  7 merfolk avatars
  2 satyrs (Shoals:3)
  2 merfolk aquamancers
  3 death knights
  16 death yaks
  20 centaur warriors
  3 boulder beetles
  12 naga warriors
  25 two-headed ogres
  4 hell hogs
  A tengu warrior (Depths:1)
  18 dancing weapons
  A two-headed ogre (shapeshifter) (Vaults:3)
  A sphinx skeleton (Crypt:2)
  4 vampire magi
  14 naga sharpshooters
  8 deep troll earth magi
  A deep troll shaman (Depths:1)
  3 orc high priests
  A titan zombie (Crypt:3)
  8 deep elf knights (Elf:3)
  7 spriggan berserkers
  5 sun demons
  3 skysharks
  16 hell knights
  10 shock serpents
  Sonja (Lair:5)
  4 occultists
  5 soul eaters
  3 spriggans (Depths:2)
  A sixfirhy (Gauntlet)
  3 iron trolls
  A glowing orange brain (shapeshifter) (Vaults:5)
  39 skeletal warriors
  5 salamander mystics
  An iron giant zombie (Crypt:2)
  8 sea snakes
  3 glowing orange brains
  2 deep trolls (shapeshifter)
  18 mana vipers
  A sea snake (shapeshifter) (Vaults:5)
  46 deep trolls
  3 flayed ghosts
  A kraken simulacrum (Shoals:4)
  4 arcanists
  8 phantasmal warriors
  A steelbarb worm (shapeshifter) (Depths:4)
  10 orc knights
  5 spriggan simulacra (IceCv)
  13 deep elf archers
  Pikel (D:6)
  29 ironbound convokers
  2 lightning spires (Gauntlet)
  An obsidian statue (IceCv)
  8 lindwurms
  9 naga ritualists
  21 harpies
  32 deep elf pyromancers
  10 necromancers
  26 deep elf zephyrmancers
  A harpy (shapeshifter) (Vaults:3)
  A golden dragon skeleton (Crypt:1)
  Maurice (Orc:2)
  A fire giant zombie (Vaults:3)
  A shining eye (shapeshifter) (Vaults:5)
  6 orc sorcerers
  19 salamanders
  7 fauns
  33 ugly things
  10 cyclopes
  A spectral shock serpent (Snake:2)
  A goliath frog skeleton (Crypt:2)
  16 guardian serpents
  43 black mambas
  26 elephants
  3 kobold blastminers (Orc:1)
  A salamander (shapeshifter) (Elf:3)
  13 manticores
  The ghost of Melkor the Caller, a novice TeSu (D:6)
  2 elf zombies
  2 toenail golems (D:6)
  13 vault sentinels
  9 merfolk sirens
  17 naga magi
  A mana viper zombie (Crypt:1)
  2 smoke demons (Depths:1)
  A stone giant skeleton (Crypt:3)
  16 water nymphs
  2 centaur skeletons (Crypt:3)
  14 cane toads
  2 molten gargoyles (Lair:5)
  An efreet (D:8)
  A pale draconian zombie (Crypt:1)
  A yaktaur (shapeshifter) (Depths:2)
  Maggie (Lair:1)
  2 rime drakes
  19 yaktaurs
  6 freezing wraiths
  A black draconian zombie (Crypt:2)
  A tengu conjurer (Depths:1)
  A dire elephant skeleton (Crypt:3)
  6 ice devils (IceCv)
  An unseen horror (D:12)
  An anaconda simulacrum (IceCv)
  11 komodo dragons
  A golden dragon simulacrum (IceCv)
  27 merfolk
  3 guardian mummies (Crypt:1)
  6 trolls
  3 harpy zombies (Shoals:4)
  5 hornets
  A merfolk (shapeshifter) (Vaults:5)
  A polar bear (shapeshifter) (Depths:2)
  5 polar bears
  2 spriggan zombies
  55 saltlings (Desolation)
  A harpy skeleton (Crypt:3)
  2 wind drakes
  10 blink frogs
  A fire dragon zombie (Crypt:3)
  A raiju (Gauntlet)
  8 dream sheep (Shoals:2)
  A fire giant simulacrum (Vaults:3)
  14 snapping turtles
  2 guardian serpent zombies
  2 glass eyes (Depths:2)
  An air elemental (Elf:2)
  2 spriggan skeletons
  A glass eye (shapeshifter) (Vaults:5)
  3 spectral black mambas (Snake:2)
  28 slime creatures
  A slime creature (shapeshifter) (Vaults:5)
  A guardian serpent skeleton (Crypt:1)
  A vampire (D:13)
  12 wyverns
  A shock serpent simulacrum (Snake:2)
  4 water elementals
  6 wraiths
  3 dire elephant simulacra (IceCv)
  4 fire elementals
  6 wargs
  Grum (Lair:1)
  8 basilisks
  A human (Zot:1)
  A golden eye (shapeshifter) (D:15)
  59 yaks
  2 neqoxecs (D:9)
  10 minotaur simulacra (IceCv)
  3 redbacks (Vaults:4)
  A redback (shapeshifter) (Depths:2)
  2 steam dragons
  10 vampire mosquitoes
  27 nagas
  3 acid dragons (D:8)
  2 hydra simulacra (IceCv)
  13 water moccasins
  A fire bat skeleton (Crypt:1)
  7 hell hounds
  2 sky beasts
  Pargi (Sewer)
  A black bear (Lair:1)
  2 ice beasts (D:6)
  21 laughing skulls (Crypt:3)
  2 manticore zombies (Shoals:4)
  33 orc warriors
  A cane toad skeleton (Crypt:2)
  31 ogres
  3 boggarts (Vaults:2)
  2 black mamba simulacra (Snake:2)
  12 wolves
  13 centaurs
  A lemure (D:6)
  6 kobold brigands
  9 bullfrogs
  A brain worm (Sewer)
  3 scorpions (D:5)
  4 earth elementals
  A gnoll sergeant (D:12)
  4 necrophages (Crypt:3)
  10 deep troll simulacra (IceCv)
  3 small abominations (D:6)
  2 naga simulacra (Snake:2)
  7 wights
  9 killer bees
  3 lindwurm simulacra (IceCv)
  A howler monkey (D:9)
  6 electric eels
  5 lava snakes (Lair:5)
  3 quasits (D:9)
  A human zombie (Crypt:1)
  7 hounds
  23 orc priests
  A bullfrog skeleton (Crypt:2)
  4 jellies
  A sleepcap (D:6)
  A human skeleton (Crypt:1)
  Jessica (D:2)
  Ijyb (D:5)
  3 gnoll boudas
  17 orc wizards
  7 iguanas
  2 naga skeletons
  A tengu skeleton (Crypt:2)
  5 mummies (Crypt:1)
  8 adders
  17 gnolls
  2 white imps (D:6)
  6 ufetubi
  An adder skeleton (Crypt:1)
  An iguana skeleton (Crypt:1)
  A ribbon worm (D:2)
  3 dart slugs
  64 orcs
  5 endoplasms
  A giant cockroach (D:3)
  5 hobgoblins
  9 jackals
  14 kobolds
  3 quokkas
  12 ball pythons
  6 bats
  A bombardier beetle zombie (Crypt:1)
  5 frilled lizards
  7 goblins
  4 rats
2152 creatures vanquished.

Vanquished Creatures (collateral kills)
  An ugly thing (D:8)
  A steam dragon (D:9)
2 creatures vanquished.

Vanquished Creatures (others)
  A deep elf zephyrmancer (Elf:2)
1 creature vanquished.

Grand Total: 2155 creatures vanquished

Notes
Turn   | Place    | Note
-------+----------+-------------------------------------------
     0 | D:1      | Armakuni the Human Wanderer began the quest for the Orb.
     0 | D:1      | Armakuni set off with the following items: a +0 dagger, a
                  | potion of lignification, a +0 robe, a +0 buckler; and the
                  | following spells available to memorise: Freeze, Sandblast,
                  | Frozen Ramparts, Ozocubu's Armour, Stone Arrow.
     0 | D:1      | Reached XP level 1. HP: 15/15 MP: 3/3
     3 | D:1      | Learned a level 1 spell: Sandblast
   192 | D:1      | Reached XP level 2. HP: 21/21 MP: 3/5
   749 | D:1      | Reached XP level 3. HP: 15/27 MP: 0/6
  1286 | D:2      | Learned a level 3 spell: Stone Arrow
  1444 | D:2      | Noticed Jessica
  1447 | D:2      | Killed Jessica
  1448 | D:2      | Reached XP level 4. HP: 16/33 MP: 4/7
  1621 | D:2      | Identified the +1 robe of the Spheres {rPois rC- Str+8
                  | Stlth-}
  2035 | D:3      | Identified the +9 sling of Pifruopt {speed, rN+}
  2336 | D:3      | Identified the amulet of Pufrij {Spirit Rampage SInv}
  2535 | D:4      | Reached XP level 5. HP: 38/38 MP: 8/8
  2669 | D:4      | Found an opulent altar of Gozag.
  2704 | D:4      | Reached skill level 1 in Conjurations
  2706 | D:4      | Reached XP level 6. HP: 44/44 MP: 9/9
  3035 | D:5      | Entered Level 5 of the Dungeon
  3080 | D:5      | Found a staircase to the Ecumenical Temple.
  3103 | D:5      | Noticed Ijyb
  3111 | D:5      | Killed Ijyb
  3129 | D:5      | Noticed a water moccasin
  3132 | D:5      | Killed a water moccasin
  3133 | D:5      | Reached XP level 7. HP: 50/50 MP: 10/10
  3151 | D:5      | Reached skill level 1 in Evocations
  3180 | Temple   | Entered the Ecumenical Temple
  3526 | D:5      | Found a glowing drain.
  3540 | Sewer    | Entered a sewer
  3585 | Sewer    | Noticed Pargi
  3594 | Sewer    | Killed Pargi
  3595 | Sewer    | Reached XP level 8. HP: 56/61 MP: 3/11
  3849 | D:5      | Learned a level 4 spell: Sticky Flame
  4085 | D:6      | Found a transporter.
  4100 | D:5      | Reached skill level 5 in Fighting
  4161 | D:6      | Reached skill level 5 in Evocations
  4222 | D:6      | Reached skill level 1 in Dodging
  4276 | D:6      | Noticed a toenail golem
  4294 | D:6      | Noticed a toenail golem
  4317 | D:6      | Found a transporter.
  4317 | D:6      | Found a one-way gate to the infinite horrors of the Abyss.
  4485 | D:6      | Noticed Pikel
  4511 | D:6      | Killed Pikel
  4512 | D:6      | Reached skill level 5 in Armour
  4512 | D:6      | Reached XP level 9. HP: 35/68 MP: 12/12
  4558 | D:6      | Identified the +3 leather armour "Vuoleucu" {+Blink rF+
                  | Str+3 Int+3}
  4827 | D:6      | Noticed Melkor's ghost (novice TeSu)
  4890 | D:6      | Found a shimmering blue altar of Sif Muna.
  4890 | D:6      | Found an ornate altar of the Wu Jian Council.
  4965 | D:7      | Reached skill level 1 in Fire Magic
  5026 | D:7      | Found Qaepnarph's Antique Weapon Boutique.
  5067 | D:7      | Found Fitsugi's Self-Published Books.
  5835 | D:8      | Reached skill level 3 in Spellcasting
  6125 | D:8      | Found a glowing golden altar of the Shining One.
  6170 | D:8      | Reached skill level 4 in Spellcasting
  6250 | D:8      | Noticed an efreet
  6255 | D:8      | Killed an efreet
  6256 | D:8      | Reached XP level 10. HP: 39/74 MP: 16/16
  6284 | D:8      | Reached skill level 5 in Fire Magic
  6294 | D:8      | Reached skill level 5 in Spellcasting
  6425 | D:8      | Noticed a manticore
  6432 | D:8      | Killed a manticore
  6435 | D:8      | Identified the ring "Libu" {Fire rPois}
  6443 | D:8      | Noticed a cyclops
  6455 | D:8      | Killed a cyclops
  6455 | D:8      | Noticed a red ugly thing
  6525 | D:8      | Got Vehumet's Papyrus of the Missiles
  6544 | D:8      | Noticed a cyan ugly thing
  6545 | D:8      | Found a glowing golden altar of the Shining One.
  6545 | D:8      | Found a white marble altar of Elyvilon.
  6637 | D:8      | Killed a red ugly thing
  6650 | D:8      | Killed a cyan ugly thing
  6770 | D:8      | Found a sacrificial altar of Ru.
  6770 | D:8      | Found a burning altar of Makhleb.
  7207 | D:8      | Found Loluoj's General Store.
  7466 | D:9      | Reached skill level 10 in Fire Magic
  7466 | D:9      | Reached XP level 11. HP: 78/79 MP: 18/18
  7522 | D:9      | Noticed Raspi's ghost (novice TrSh)
  7625 | D:9      | Found Dexaorish's Jewellery Shop.
  7970 | D:9      | Found a staircase to the Lair.
  8024 | D:9      | Noticed Erica
  8042 | D:9      | Killed Erica
  8158 | D:9      | Noticed Gastronok
  8180 | D:9      | Killed Gastronok
  8292 | D:9      | Found a transporter.
  8309 | D:9      | Found a transporter.
  8459 | D:9      | Noticed Erolcha
  8467 | D:9      | Killed Erolcha
  8705 | Lair:1   | Entered Level 1 of the Lair of Beasts
  8752 | Lair:1   | Noticed Harold
  8763 | Lair:1   | Killed Harold
  8889 | Lair:1   | Noticed Maggie
  8900 | Lair:1   | Killed Maggie
  8901 | Lair:1   | Reached XP level 12. HP: 55/86 MP: 4/19
  9086 | D:10     | Entered Level 10 of the Dungeon
  9174 | D:10     | Noticed Fannar
  9186 | D:10     | Killed Fannar
  9315 | D:10     | Found a snail-covered altar of Cheibriados.
  9935 | D:10     | Reached skill level 15 in Fire Magic
 10043 | D:10     | Learned a level 8 spell: Ignition
 10064 | D:10     | Found a white marble altar of Elyvilon.
 10064 | D:10     | Found a radiant altar of Vehumet.
 10071 | D:10     | Became a worshipper of Vehumet
 10264 | Lair:1   | Noticed Grum
 10274 | Lair:1   | Killed Grum
 10610 | Lair:1   | Reached skill level 6 in Spellcasting
 10705 | Lair:1   | Reached skill level 7 in Spellcasting
 10751 | Lair:1   | Identified the orb "Itaz" {mayhem, rN++ Str+2 Stlth- Summ}
 11080 | Lair:2   | Found a radiant altar of Vehumet.
 11354 | Lair:2   | Reached skill level 8 in Spellcasting
 11404 | Lair:2   | Reached * piety under Vehumet
 11404 | Lair:2   | Offered knowledge of Foxfire by Vehumet.
 11521 | Lair:2   | Reached skill level 9 in Spellcasting
 11521 | Lair:2   | Reached XP level 13. HP: 62/91 MP: 18/26
 12095 | Lair:2   | Found a staircase to the Shoals.
 12110 | Lair:2   | Reached skill level 10 in Spellcasting
 12349 | Lair:3   | Offered knowledge of Magic Dart by Vehumet.
 12556 | Lair:3   | Reached ** piety under Vehumet
 13568 | Lair:3   | Found a staircase to the Snake Pit.
 13937 | Lair:4   | Offered knowledge of Mercury Vapours by Vehumet.
 14131 | Lair:4   | Found a staircase to the Slime Pits.
 14224 | Lair:4   | Reached XP level 14. HP: 71/98 MP: 25/28
 14299 | Lair:4   | Reached *** piety under Vehumet
 14753 | Lair:4   | Offered knowledge of Iskenderun's Mystic Blast by Vehumet.
 14762 | Lair:4   | Learned a level 4 spell: Iskenderun's Mystic Blast
 14980 | Lair:5   | Entered Level 5 of the Lair of Beasts
 15834 | Lair:5   | Reached **** piety under Vehumet
 16139 | Lair:5   | Offered knowledge of Volatile Blastmotes by Vehumet.
 16512 | Lair:5   | Found a large runed translucent door.
 16512 | Lair:5   | Found a large runed translucent door.
 16562 | Lair:5   | Reached skill level 1 in Staves
 16593 | Lair:5   | Noticed Sonja
 16602 | Lair:5   | Killed Sonja
 16603 | Lair:5   | Reached XP level 15. HP: 96/103 MP: 4/29
 16785 | Lair:5   | Upgraded the game from 0.31-a0-1626-g5cb510d322 to
                  | 0.32-a0-5-gbffa963729
 17139 | D:9      | Gained mutation: Your health recovers twice as slowly from
                  | being drained. [a neqoxec]
 17144 | D:9      | Identified the ring "Sawkirr" {Int+6 Dex+4}
 17331 | D:9      | Lost mutation: Your health recovers twice as slowly from
                  | being drained. [potion of mutation]
 17331 | D:9      | Gained mutation: Your mind is acute. (Int +4, Str/Dex -1)
                  | [potion of mutation]
 17331 | D:9      | Gained mutation: Your health recovers twice as slowly from
                  | being drained. [potion of mutation]
 17331 | D:9      | Gained mutation: You expend magic power (3 MP) to
                  | strengthen your wands. [potion of mutation]
 17332 | D:9      | Lost mutation: You expend magic power (3 MP) to strengthen
                  | your wands. [potion of mutation]
 17332 | D:9      | Lost mutation: Your health recovers twice as slowly from
                  | being drained. [potion of mutation]
 17332 | D:9      | Gained mutation: You are clumsy. (Dex -2) [potion of
                  | mutation]
 17348 | D:9      | Killed Raspi's ghost
 17535 | D:11     | Found a staircase to the Orcish Mines.
 17690 | D:11     | Found an iron altar of Okawaru.
 17746 | D:11     | Reached ***** piety under Vehumet
 17750 | D:11     | Offered knowledge of Olgreb's Toxic Radiance by Vehumet.
 18337 | Orc:1    | Entered Level 1 of the Orcish Mines
 18366 | Orc:2    | Entered Level 2 of the Orcish Mines
 18372 | Orc:2    | Noticed an orc warlord
 18378 | Orc:2    | Killed an orc warlord
 18379 | Orc:2    | Reached skill level 5 in Staves
 18662 | Orc:2    | Paralysed by an ogre mage for 2 turns
 19079 | Orc:2    | Noticed an orc warlord
 19084 | Orc:2    | Killed an orc warlord
 19085 | Orc:2    | Reached skill level 10 in Evocations
 19358 | Orc:2    | Noticed Maurice
 19367 | Orc:2    | Killed Maurice
 19451 | Orc:2    | Found Fatuc's Magic Scroll Boutique.
 19467 | Orc:2    | Bought a scroll of enchant armour for 120 gold pieces
 19490 | Orc:2    | Found Ryikkuhu's Antique Armour Shop.
 19491 | Orc:2    | Found Bida's Antique Armour Shoppe.
 19491 | Orc:2    | Found Gutaul's General Store.
 19491 | Orc:2    | Found Lump's Distillery.
 19505 | Orc:2    | Bought a brightly glowing cloak for 313 gold pieces
 19505 | Orc:2    | Identified the +2 cloak of the Wary Knives {rPois} (You
                  | bought it in a shop on level 2 of the Orcish Mines)
 19505 | Orc:2    | Bought a distressingly furry leather armour for 231 gold
                  | pieces
 19505 | Orc:2    | Identified the +3 leather armour of the Kettle-Drum
                  | {Rampage rPois Int-5 SInv} (You bought it in a shop on
                  | level 2 of the Orcish Mines)
 19526 | Orc:2    | Bought a smoking scale mail for 297 gold pieces
 19526 | Orc:2    | Identified the +2 scale mail of Seam {-Cast rElec Str+8
                  | SInv} (You bought it in a shop on level 2 of the Orcish
                  | Mines)
 19529 | Orc:2    | Bought a pair of embroidered boots for 247 gold pieces
 19556 | Orc:2    | Found a staircase to the Elven Halls.
 20591 | D:12     | Reached skill level 11 in Spellcasting
 20596 | D:12     | Noticed Snorg
 20605 | D:12     | Killed Snorg
 21032 | D:12     | Offered knowledge of Eringya's Noxious Bog by Vehumet.
 21089 | D:12     | Reached skill level 1 in Translocations
 21356 | D:12     | Noticed Azrael
 21362 | D:12     | Killed Azrael
 21373 | D:12     | Reached XP level 16. HP: 102/109 MP: 28/31
 22028 | D:13     | Noticed Josephine
 22032 | D:13     | Killed Josephine
 22357 | D:13     | Reached skill level 12 in Spellcasting
 22456 | D:13     | Found a gate to the Vaults.
 23089 | D:14     | Found a gate leading to a gauntlet.
 23100 | D:14     | Offered knowledge of Plasma Beam by Vehumet.
 23102 | D:14     | Noticed Jorgrun
 23108 | D:14     | Killed Jorgrun
 23123 | D:14     | Learned a level 6 spell: Plasma Beam
 23130 | Gauntlet | Entered a Gauntlet
 23130 | Gauntlet | Found a transporter.
 23130 | Gauntlet | Found a transporter.
 23142 | Gauntlet | Found a transporter.
 23160 | Gauntlet | Found a transporter.
 23160 | Gauntlet | Found a transporter.
 23162 | Gauntlet | Found a transporter.
 23163 | Gauntlet | Found a transporter.
 23167 | Gauntlet | Found a runed translucent door.
 23172 | Gauntlet | Found a runed translucent door.
 23174 | Gauntlet | Found a transporter.
 23190 | Gauntlet | Found a transporter.
 23198 | Gauntlet | Found a runed translucent door.
 23200 | Gauntlet | Found a transporter.
 23202 | Gauntlet | Found a runed translucent door.
 23205 | Gauntlet | Found a transporter.
 23239 | Gauntlet | Found a transporter.
 23239 | Gauntlet | Found a transporter.
 23251 | Gauntlet | Found a transporter.
 23287 | Gauntlet | Identified the ring "Licas" {+Blink Fly rElec}
 23330 | Gauntlet | Identified the +2 robe of the Rose {rElec rF+ Will- Stlth+}
 23389 | Gauntlet | Reached skill level 13 in Spellcasting
 23648 | Gauntlet | Identified the +0 hat of the Eternal Fruit {-Tele rF+++
                  | Regen+ Dex-4}
 23716 | Gauntlet | Identified the ring of Jinymp {*Corrode AC+4 Dex+6}
 23730 | Gauntlet | Identified the staff "Lumnul" {^Drain rPois rF- rN++ Dex+9
                  | Alchemy}
 23964 | D:14     | Noticed Roxanne
 24142 | D:14     | Reached skill level 1 in Air Magic
 24286 | D:14     | Found a sparkling altar of Nemelex Xobeh.
 24289 | D:14     | Noticed Louise
 24291 | D:14     | Killed Louise
 24576 | D:15     | Entered Level 15 of the Dungeon
 24949 | D:15     | Reached skill level 5 in Air Magic
 25173 | D:15     | Found a staircase to the Depths.
 25895 | Snake:1  | Entered Level 1 of the Snake Pit
 27207 | Snake:1  | Learned a level 5 spell: Fireball
 27239 | Snake:1  | Reached XP level 17. HP: 115/115 MP: 19/34
 27798 | Shoals:1 | Entered Level 1 of the Shoals
 28027 | Shoals:1 | Reached skill level 5 in Conjurations
 28338 | Shoals:1 | Found Yvoo's Antique Armour Shop.
 28347 | Shoals:1 | Bought an ancient leather armour for 161 gold pieces
 28347 | Shoals:1 | Identified the +2 leather armour "Ottyelaf" {rF+ Str+3}
                  | (You bought it in a shop on level 1 of the Shoals)
 28347 | Shoals:1 | Bought a glowing buckler for 172 gold pieces
 29135 | Shoals:2 | Offered knowledge of Arcjolt by Vehumet.
 29271 | Shoals:2 | Reached ****** piety under Vehumet
 29609 | Shoals:2 | Found Pniacaef's Practical Paraphernalia.
 29638 | Shoals:2 | Found a runed translucent door.
 29638 | Shoals:2 | Identified a scroll of acquirement
 29664 | Shoals:2 | Acquired 1002 gold pieces
 29842 | Shoals:2 | Learned a level 2 spell: Blink
 30440 | Shoals:3 | Learned a level 7 spell: Orb of Destruction
 30472 | Shoals:3 | Noticed Polyphemus
 30479 | Shoals:3 | Killed Polyphemus
 30480 | Shoals:3 | Reached skill level 10 in Conjurations
 31134 | Shoals:3 | Found Piagg's Magic Scroll Emporium.
 31138 | Shoals:3 | Bought a scroll of amnesia for 84 gold pieces
 31138 | Shoals:3 | Bought 2 scrolls of blinking for 315 gold pieces
 31138 | Shoals:3 | Bought a scroll of poison for 84 gold pieces
 31138 | Shoals:3 | Bought a scroll of teleportation for 63 gold pieces
 31138 | Shoals:3 | Bought a scroll of fear for 84 gold pieces
 31138 | Shoals:3 | Bought a scroll of fear for 84 gold pieces
 31187 | Shoals:4 | Entered Level 4 of the Shoals
 31187 | Shoals:4 | Found Linab's Antique Armour Emporium.
 31279 | Shoals:4 | Noticed Mlioglotl
 31282 | Shoals:4 | Killed Mlioglotl
 31381 | Shoals:4 | Reached XP level 18. HP: 112/121 MP: 28/35
 31383 | Shoals:4 | Bought a pair of glowing boots for 187 gold pieces
 31383 | Shoals:4 | Bought a pair of embroidered boots for 187 gold pieces
 31616 | Shoals:4 | Identified the ring of Ashenzari, Devouring {rElec rPois
                  | MP+9 Stlth+}
 31619 | Shoals:4 | Offered knowledge of Freezing Cloud by Vehumet.
 31728 | Shoals:4 | Got a barnacled rune of Zot
 32505 | Snake:2  | Found the +2 hood of the Assassin {Detect Stab+ Stlth++}
 32949 | Snake:2  | Found a runed translucent gate.
 32949 | Snake:2  | Found a runed translucent gate.
 32949 | Snake:2  | Found a runed translucent gate.
 32949 | Snake:2  | Noticed Pudaididd's ghost (adept DsMo)
 32982 | Snake:2  | Reached skill level 15 in Conjurations
 33072 | Snake:2  | Found a blossoming altar of Fedhas.
 33461 | Snake:2  | Killed Pudaididd's ghost
 33559 | Snake:3  | Found a glacial archway.
 33563 | IceCv    | Entered an ice cave
 33787 | IceCv    | Identified the +0 pair of gloves "Roaxzy" {Dex+3}
 34265 | IceCv    | Noticed an Ice Fiend
 34266 | IceCv    | Killed an Ice Fiend
 34338 | IceCv    | Found the +4 skin of Zhor {*Englaciate rC+++ SInv}
 34426 | Snake:3  | Offered knowledge of Conjure Ball Lightning by Vehumet.
 34567 | Snake:3  | Reached XP level 19. HP: 126/126 MP: 25/36
 35341 | Snake:4  | Entered Level 4 of the Snake Pit
 36368 | Snake:4  | Offered knowledge of Starburst by Vehumet.
 37055 | Snake:4  | Noticed Vashnia
 37062 | Snake:4  | Killed Vashnia
 37152 | Snake:4  | Got a serpentine rune of Zot
 37640 | D:6      | Killed Melkor's ghost
 38067 | D:14     | Killed Roxanne
 38129 | Vaults:1 | Entered Level 1 of the Vaults
 38251 | Elf:1    | Entered Level 1 of the Elven Halls
 38527 | Elf:1    | Found Tyfoc's Book Emporium.
 38527 | Elf:1    | Noticed a walking crystal tome
 38547 | Elf:1    | Bought a book of the Hunter for 364 gold pieces
 38552 | Elf:1    | Learned a level 3 spell: Call Canine Familiar
 38654 | Elf:1    | Reached skill level 1 in Summonings
 38654 | Elf:1    | Reached XP level 20. HP: 102/133 MP: 37/37
 38797 | Elf:1    | Found Boull's Assorted Antiques.
 38797 | Elf:1    | Found Maqud's Book Boutique.
 38799 | Elf:1    | Found Exkezung's Distillery.
 38800 | Elf:1    | Found Feagat's Assorted Antiques.
 38803 | Elf:1    | Bought a potion of heal wounds for 60 gold pieces
 38803 | Elf:1    | Bought a potion of heal wounds for 60 gold pieces
 38806 | Elf:1    | Bought a bubbling clear potion for 33 gold pieces
 38810 | Elf:1    | Bought a potion of heal wounds for 145 gold pieces
 38987 | Elf:1    | Got the Commentary on the Impact and the Boggart
 39581 | Elf:2    | Reached skill level 14 in Spellcasting
 39583 | Elf:2    | Offered knowledge of Chain Lightning by Vehumet.
 39583 | Elf:2    | Offered knowledge of Polar Vortex by Vehumet.
 39583 | Elf:2    | Offered knowledge of Maxwell's Capacitive Coupling by
                  | Vehumet.
 40109 | Elf:2    | Found a huge runed translucent gate.
 40109 | Elf:2    | Found a huge runed translucent gate.
 40109 | Elf:2    | Found a huge runed translucent gate.
 40112 | Elf:2    | Found a huge runed translucent gate.
 40112 | Elf:2    | Found a huge runed translucent gate.
 40435 | Elf:3    | Entered Level 3 of the Elven Halls
 40720 | Elf:3    | Reached skill level 15 in Spellcasting
 41376 | Elf:3    | Reached skill level 16 in Spellcasting
 41620 | Elf:3    | Reached skill level 17 in Spellcasting
 41620 | Elf:3    | Reached XP level 21. HP: 138/138 MP: 42/42
 41793 | Elf:3    | Identified the +0 cloak "Eleafron" {Int+5 Dex+3}
 41851 | Elf:3    | Identified the staff of the Sage {rPois rF+ rCorr Int-3
                  | Summ Alchemy}
 41969 | Elf:3    | Got the Precepts of the Macabre Snowflakes
 41990 | Elf:3    | Got Dispater's Information on Excavation
 42377 | Vaults:1 | Reached skill level 18 in Spellcasting
 42390 | Vaults:1 | Learned a level 8 spell: Lehudib's Crystal Spear
 42566 | Vaults:1 | Reached skill level 5 in Earth Magic
 43878 | Vaults:1 | Reached skill level 10 in Earth Magic
 43960 | Vaults:2 | Found a flickering gateway to a bazaar.
 43967 | Bazaar   | Entered a bazaar
 43969 | Bazaar   | Found Jefram's Jewellery Boutique.
 43973 | Bazaar   | Found Luosturch's Book Boutique.
 43973 | Bazaar   | Found Vaqyom's Antique Weapon Boutique.
 43974 | Bazaar   | Found Coroamn's Armour Boutique.
 44061 | Vaults:2 | Reached skill level 19 in Spellcasting
 44156 | Vaults:2 | Reached XP level 22. HP: 100/144 MP: 45/45
 44508 | Vaults:2 | Reached skill level 20 in Spellcasting
 44677 | Vaults:2 | Identified the +0 kite shield of Limited Liability {+Inv
                  | Dex+3}
 44677 | Vaults:2 | Noticed Donald
 44681 | Vaults:2 | Killed Donald
 44955 | Vaults:2 | Found a staircase to the Crypt.
 45287 | Vaults:3 | Found a glowing silver altar of Zin.
 45288 | Vaults:3 | Found a crumbling gateway.
 45288 | Vaults:3 | Found a white marble altar of Elyvilon.
 45321 | Vaults:3 | Found a glowing golden altar of the Shining One.
 45357 | Desolati | Entered the Desolation of Salt
 45379 | Desolati | Reached skill level 21 in Spellcasting
 45634 | Desolati | Got Sif Muna's Catalogue of Deathly Curses
 45636 | Desolati | Identified the ring "Yhulluen" {rF+ rCorr Str+4}
 45787 | Desolati | Identified the ring "Alicas" {^Contam rF+ Will+ Int-5
                  | Dex+8}
 45792 | Desolati | Identified the +1 scale mail of Zexoh {rElec rC- Dex+5}
 45795 | Desolati | Got Cedia's Encyclopedia of Transfiguration and Malisons
 45813 | Desolati | Learned a level 3 spell: Passwall
 45982 | Desolati | Identified the ring of the Threshing Gods {Ice Str+3}
 45985 | Desolati | Identified the ring "Zodeked" {rPois rC+++ Will- MP+9
                  | Int-4}
 46308 | Vaults:3 | Paralysed by a formless jellyfish for 1 turns
 46615 | Vaults:3 | Noticed a golden dragon
 46618 | Vaults:3 | Killed a golden dragon
 46638 | Vaults:3 | Reached skill level 10 in Fighting
 46841 | Vaults:3 | Identified the +1 pair of gloves "Nixigetz" {rF+ Dex+4
                  | Slay-2}
 47386 | Vaults:4 | Reached XP level 23. HP: 158/175 MP: 35/48
 47591 | Vaults:4 | Noticed a dread lich
 47593 | Vaults:4 | Killed a dread lich
 47771 | Vaults:4 | Reached skill level 5 in Shields
 48246 | Vaults:4 | Identified the ring of Odybruqu {rElec rPois rF+}
 48476 | Vaults:5 | Entered Level 5 of the Vaults
 48476 | Vaults:5 | Noticed Mennas
 48499 | Vaults:4 | Killed Mennas
 48863 | Vaults:5 | Noticed a dread lich
 48865 | Vaults:5 | Noticed Bai Suzhen
 48869 | Vaults:5 | Reached skill level 5 in Dodging
 48869 | Vaults:5 | Noticed Sojobo
 49048 | Vaults:5 | Killed Bai Suzhen
 49088 | Vaults:5 | Paralysed by an air elemental for 1 turns
 49093 | Vaults:5 | Killed Sojobo
 49353 | Vaults:5 | Reached XP level 24. HP: 181/181 MP: 43/48
 49732 | Vaults:5 | Found Mecofoz's Distillery.
 49737 | Vaults:5 | Bought a potion of heal wounds for 65 gold pieces
 49737 | Vaults:5 | Bought 2 potions of heal wounds for 130 gold pieces
 49737 | Vaults:5 | Bought a potion of heal wounds for 65 gold pieces
 49737 | Vaults:5 | Bought a potion of curing for 39 gold pieces
 49737 | Vaults:5 | Bought a potion of curing for 39 gold pieces
 49737 | Vaults:5 | Bought a potion of mutation for 104 gold pieces
 50271 | Vaults:5 | Killed a dread lich
 50484 | Vaults:5 | Noticed an ancient lich
 50487 | Vaults:5 | Killed an ancient lich
 50539 | Vaults:5 | Found Xumaec's Distillery.
 50548 | Vaults:5 | Bought a potion of heal wounds for 70 gold pieces
 50548 | Vaults:5 | Bought 2 potions of heal wounds for 140 gold pieces
 50548 | Vaults:5 | Bought a potion of heal wounds for 70 gold pieces
 50548 | Vaults:5 | Bought 2 potions of curing for 84 gold pieces
 50548 | Vaults:5 | Bought a potion of mutation for 112 gold pieces
 50548 | Vaults:5 | Bought a potion of ambrosia for 112 gold pieces
 50548 | Vaults:5 | Bought a potion of enlightenment for 70 gold pieces
 50548 | Vaults:5 | Bought a potion of enlightenment for 70 gold pieces
 50555 | Vaults:5 | Found Imouproh's Magic Scroll Emporium.
 50560 | Vaults:5 | Bought a scroll of blinking for 157 gold pieces
 50570 | Vaults:5 | Found Omotutoss's Magic Scroll Shoppe.
 50606 | Vaults:5 | Found Wetheab's Magic Scroll Boutique.
 50610 | Vaults:5 | Bought a scroll of teleportation for 30 gold pieces
 50610 | Vaults:5 | Bought a scroll of teleportation for 30 gold pieces
 50610 | Vaults:5 | Bought a scroll of teleportation for 30 gold pieces
 50610 | Vaults:5 | Bought a scroll of enchant armour for 75 gold pieces
 50610 | Vaults:5 | Bought a scroll of revelation for 75 gold pieces
 50610 | Vaults:5 | Bought a scroll of revelation for 75 gold pieces
 50610 | Vaults:5 | Bought a scroll of poison for 40 gold pieces
 50610 | Vaults:5 | Bought a scroll of poison for 40 gold pieces
 50758 | Vaults:5 | Found Yqidao's Magic Scroll Shoppe.
 50758 | Vaults:5 | Found Zeneanto's General Store.
 50762 | Vaults:5 | Bought a scroll of fog for 84 gold pieces
 50762 | Vaults:5 | Bought a scroll of fog for 84 gold pieces
 50762 | Vaults:5 | Bought a scroll of enchant armour for 157 gold pieces
 50762 | Vaults:5 | Bought a scroll of enchant armour for 157 gold pieces
 50766 | Vaults:5 | Bought a scroll of teleportation for 54 gold pieces
 50766 | Vaults:5 | Bought a scroll of noise for 18 gold pieces
 50774 | Vaults:5 | Found Lorial's Jewellery Shop.
 50836 | Vaults:5 | Found Roinerch's General Store.
 50843 | Vaults:5 | Bought a potion of ambrosia for 176 gold pieces
 50843 | Vaults:5 | Bought a potion of enlightenment for 110 gold pieces
 50846 | Vaults:5 | Got a silver rune of Zot
 51193 | Crypt:1  | Entered Level 1 of the Crypt
 52094 | Crypt:2  | Learned a level 5 spell: Irradiate
 52985 | Crypt:2  | Identified the +3 leather armour "Nootom" {Str+4}
 53071 | Crypt:3  | Entered Level 3 of the Crypt
 53558 | Crypt:3  | Reached XP level 25. HP: 184/186 MP: 26/48
 53853 | Crypt:3  | Found a basalt altar of Yredelemnul.
 53904 | Crypt:3  | Identified the +0 morningstar of Mouriggi {venom, ^Fragile
                  | rPois Dex+5}
 53917 | Crypt:3  | Noticed an ancient lich
 53922 | Crypt:3  | Killed an ancient lich
 54280 | Crypt:3  | Found a staircase to the Tomb.
 54410 | Crypt:3  | Identified the ring of Eninn {Fly rPois Str+3 Dex+2}
 54768 | Vaults:1 | Learned a level 2 spell: Sublimation of Blood
 54863 | Depths:1 | Entered Level 1 of the Depths
 54933 | Depths:1 | Reached skill level 1 in Necromancy
 54938 | Depths:1 | Found a one-way gateway to a ziggurat.
 55034 | Depths:1 | Identified the ring "Canapule" {rN+ Will+}
 55088 | Depths:1 | Noticed Saint Roka
 55092 | Depths:1 | Killed Saint Roka
 55100 | Depths:1 | Reached skill level 5 in Necromancy
 55362 | Depths:1 | Reached skill level 22 in Spellcasting
 55710 | Depths:1 | Identified the +3 demon blade "Gangozee" {freeze, Will+
                  | MP+9 Dex+6}
 55766 | Depths:1 | Found a gateway to Hell.
 55880 | Depths:1 | Identified the +6 quarterstaff of Hatred {venom, *Noise rC+
                  | rN+ rCorr}
 56060 | Depths:2 | Found a one-way gate leading to the halls of Pandemonium.
 56065 | Depths:2 | Found Huesiton's Jewellery Emporium.
 56097 | Depths:2 | Found Gyovvy's Magic Scroll Shop.
 56107 | Depths:2 | Bought a scroll of blinking for 135 gold pieces
 56107 | Depths:2 | Bought a scroll of fear for 72 gold pieces
 56107 | Depths:2 | Bought a scroll of revelation for 135 gold pieces
 56107 | Depths:2 | Bought a scroll of teleportation for 54 gold pieces
 56107 | Depths:2 | Found Tojib's Jewellery Shop.
 56111 | Depths:2 | Bought the ring of Mevva {rF+ EV+5 Str+2 Int+3 Dex+4} for
                  | 1240 gold pieces
 56567 | Depths:2 | Reached skill level 23 in Spellcasting
 56986 | Depths:2 | Identified the +1 mace "Giluykh" {freeze, +Blink}
 57063 | Depths:2 | Identified the +7 quarterstaff of Duty {antimagic, Str+4}
 57521 | Depths:2 | Identified the +0 ring mail "Qiracy" {rC+ Int-2 Stlth+}
 57733 | Depths:3 | Reached XP level 26. HP: 198/198 MP: 47/50
 57907 | Depths:3 | Identified the +2 robe of Analysis {Str+3 Stlth+}
 58222 | Depths:3 | Identified the +0 helmet "Imuepat" {Str+4}
 58453 | Depths:3 | Upgraded the game from 0.32-a0-5-gbffa963729 to
                  | 0.32-a0-12-g7fc57aa741
 58482 | Depths:3 | Reached skill level 24 in Spellcasting
 58635 | Depths:3 | Paralysed by a sphinx for 5 turns
 58961 | Depths:4 | Entered Level 4 of the Depths
 59842 | Depths:4 | Found a gate to the Realm of Zot.
 60060 | Depths:4 | Reached skill level 25 in Spellcasting
 60194 | Zot:1    | Entered Level 1 of the Realm of Zot
 60231 | Zot:1    | Killed from afar by a shadow dragon

Illustrated notes

Levels and vault maps discovered:
D:1:      dpeg_arrival_tiny_i, layout_rooms, serial_co_window_serial,
          co_window_paths_b, co_window_paths_a, co_window_corner_a,
          co_window_paths_b, co_window_corner_a, co_window_2corner,
          co_window_of_opportunity_c, co_window_of_opportunity_b,
          co_window_broadway_a, co_window_sun, co_window_4corner_b,
          glass_columns_a, glass_columns_a
D:2:      layout_basic, uniq_jessica
D:3:      layout_rooms
D:4:      layout_cave_pools, nicolae_gozag_cash_rules_everything_around_me
D:5:      layout_cave_pools, minmay_temple_entry_ruins,
          cheibrodos_sewer_entry_drain, uniq_ijyb
D:6:      layout_basic, gammafunk_temple_overflow_statue,
          gammafunk_ghost_abyssal_escape, grunt_ministairs_5, uniq_pikel
D:7:      layout_basic, serial_shops, nicolae_shop_real_fake_doors,
          nicolae_custom_books, hangedman_abyss_or_decor_passed
D:8:      minmay_the_grid_octo_triangle [minmay_the_grid_octo_shrine,
          minmay_the_grid_octo_prize_star, minmay_the_grid_octo_concentric],
          layout_basic, mainiacjoe_overflow_surrounded_room, serial_shops, shop
D:9:      layout_loops_corners, minmay_lair_entry_grove,
          gammafunk_ghost_stat_death, nicolae_take_the_stairs, uniq_erolcha,
          uniq_erica, uniq_gastronok
D:10:     minmay_general_purpose_star, layout_rooms, kennysheep_slug_shrine,
          gammafunk_temple_overflow_pools, uniq_fannar
D:11:     layout_long_grid, erik_orc_3,
          hellmonk_okawaru_the_only_friend_you_need
D:12:     minmay_skewed_foursquare, layout_irregular_city, uniq_azrael,
          uniq_snorg
D:13:     layout_irregular_city, skrybe_vaults_entry_preservation,
          uniq_josephine
D:14:     layout_long_grid, nemelex_lonely_heart_becter, gauntlet_entry_generic,
          uniq_jorgrun, uniq_louise, uniq_roxanne
D:15:     gammafunk_depths_entry_grave, layout_rooms, minmay_tree_intersection,
          serial_rivers, chequers_serial_rivers_small_3,
          chequers_serial_rivers_micro_a, chequers_serial_rivers_micro_c,
          chequers_serial_rivers_room_b, chequers_serial_rivers_large_a
Temple:   hellmonk_temple_of_storms
Lair:1:   layout_long_grid, grunt_megastairs_1, serial_bayou_shore_a,
          uniq_maggie, uniq_harold, uniq_grum
Lair:2:   layout_loops_ring, minmay_shoals_entry_lonely_mermaid, basic_altar,
          serial_bayou_pond_d, grunt_megastairs_3
Lair:3:   layout_long_grid, nicolae_snake_entry_squirm,
          nicolae_lair_grazing_beasts [nicolae_sub_lair_graze_edge,
          nicolae_sub_lair_graze_edge, nicolae_sub_lair_graze_edge,
          nicolae_sub_lair_graze_edge]
Lair:4:   layout_regular_city, minmay_slime_entry_pillars, serial_bayou,
          serial_bayou_lagoon_a, serial_bayou_pond_d, serial_bayou_ford_a,
          serial_bayou_pond_d, beast_lair_carwin_2
Lair:5:   cheibrodos_lair_end_hotspot, layout_regular_city,
          serial_bayou_shore_b, uniq_sonja
Shoals:1: layout_shoals, serial_shops, shop,
          nicolae_shoals_nymph_descending_staircase
Shoals:2: nicolae_shoals_offshore_bank_account, layout_shoals,
          nicolae_alphabet_shops, nicolae_shoals_seven_spires,
          nicolae_shoals_land_atoll, nicolae_shoals_flooded_hall
Shoals:3: layout_shoals, serial_shops, nicolae_shop_back_alley_shop,
          nicolae_shoals_goliath_grotto, uniq_polyphemus
Shoals:4: shoals_end_grunt_ice, layout_shoals, serial_shops, shop,
          abandoned_shop, nicolae_shoals_stone_sculpture_thing,
          nicolae_shoals_undead_eyrie, uniq_mlioglotl
Snake:1:  layout_chambers
Snake:2:  layout_cave_pods, basic_altar, gammafunk_ghost_necromancy
Snake:3:  layout_gridlike, portal_ice_cave_entry_pillars_1,
          serial_library_regret_index_turning, nicolae_snake_springs
Snake:4:  grunt_snake_rune_serpentine_throne, layout_onion, eino_curves_02,
          uniq_vashnia
Orc:1:    layout_caves
Orc:2:    st_orc_ogre_mass, layout_caves, special_room, serial_shops, shop,
          uniq_maurice
Elf:1:    minmay_elf_arrival_plus, layout_gridlike, serial_shops,
          nicolae_shop_mannequins, minmay_elf_sorcery, minmay_shoptagon
Elf:2:    elven_hall_of_blades_hangedman_alternative
          [nicolae_blade_entry_area_security], layout_loops_corners
Elf:3:    minmay_elf_hall_hex, layout_geoelf_castle, special_room
          [special_room_orc]
Vaults:1: minmay_orc_keep, vaults_room_grunt_arrival_checkpoint,
          nicolae_vaults_more_shelving_1, v_misc_14, vaults_mumra_chevron,
          v_misc_4, grunt_vaults_funnel, hangedman_vaults_maws,
          layout_vaults_quadrants
Vaults:2: nicolae_vaults_apartment_1, blue_anna_dwarven_crypt,
          hangedman_vaults_locks, vaults_mumra_lcd, vaults_standard_mumra_x,
          nicolae_vaults_spaceships, hangedman_vaults_hat, v_misc_12,
          vaults_mumra_hex, ontoclasm_vaults_twist, nicolae_vaults_shelves_hall,
          nicolae_vaults_tetromino_L_1, ontoclasm_vaults_shuriken,
          nicolae_vaults_tetromino_L_1, layout_vaults_omnicross, serial_shops,
          bzr_in_the_mist, uniq_margery, uniq_donald
Vaults:3: portal_desolation_entry_holy_temple,
          nicolae_vaults_shipping_containers_1, v_misc_31,
          nicolae_vaults_shrinking_rooms_1, nicolae_vaults_closet_pinwheel_4,
          nicolae_vaults_big_ls, vaults_dpeg_diagonal,
          nicolae_vaults_sightless_eye, nicolae_vaults_oval_intersection,
          v_misc_13, vaults_room_door_ring, layout_vaults_omnibox
Vaults:4: hangedman_vaults_impose, nicolae_vaults_shipping_containers_2,
          vaults_room_ringed_pool, v_pattern_2,
          nicolae_vaults_windows_and_doors_thing, nicolae_vaults_ninety_degrees,
          v_misc_17, nicolae_vaults_border_crossing, v_alt_pattern_1,
          ontoclasm_vaults_spin, nicolae_vaults_variable_pillar_hall,
          ontoclasm_vaults_ring_small, nicolae_vaults_turnstiles,
          nicolae_vaults_double_plus_1, layout_vaults_big_room
Vaults:5: uniq_mennas, uniq_bai_suzhen, uniq_sojobo
Crypt:1:  layout_chaotic_city, grunt_crypt_arrival_guarded_gate
Crypt:2:  layout_chaotic_city, lemuel_freeze_loot_1
Crypt:3:  cryptofortress_bobbens
Depths:1: layout_roguey, enter_ziggurat_c, minmay_misc_feat_x, hellmouth_2,
          st_stairs_11, serial_bayou_pond_a, kennysheep_generic_room_5,
          firewood_loft, serial_bayou_shore_b, uniq_saint_roka
Depths:2: little_maze_vault, layout_basic, serial_shops, shop, abyss_entry,
          infiniplex_staircase_star, hell_entry, pan_entry, minmay_shop_star,
          serial_bayou_shore_b
Depths:3: nicolae_aperiodic_l_corner, layout_cave_shapes, hell_entry,
          abyss_entry_crystal, kennysheep_generic_room_9,
          infiniplex_staircase_pillars_2
Depths:4: grunt_zot_entry_gee_three, layout_gridlike, hellmouth_1,
          chequers_jeans
Zot:1:    circus_mu, layout_cathedral_of_symmetry

Skill      XL: |  1  2  3  4  5  6  7  8  9 10 11 12 13 14 15 16 17 18 19 20 21 22 23 24 25 26 |
---------------+-------------------------------------------------------------------------------+-----
Fighting       | 2 4 5 13 14 | 14.0
Shields        | 3 4 9 |  9.0
Earth Magic    | 3 4 10 | 10.0
Conjurations   | 1 4 12 16 20 21 22 | 22.1
Evocations     | 3 5 10 | 10.0
Dodging        | 2 6 |  6.0
Armour         | 5 |  5.0
Alchemy        | 3 4 |  4.0
Fire Magic     | 4 10 13 15 17 20 21 22 23 | 23.0
Spellcasting   | 4 5 9 10 11 13 17 19 21 23 25 | 25.1
Staves         | 2 5 |  5.0
Translocations | 3 4 |  4.0
Air Magic      | 8 |  8.0
Summonings     | 1 2 |  2.0
Necromancy     | 5 |  5.0
Ice Magic      | |  2.0

Action                     |  1- 3 |  4- 6 |  7- 9 | 10-12 | 13-15 | 16-18 | 19-21 | 22-24 | 25-27 || total
---------------------------+-------+-------+-------+-------+-------+-------+-------+-------+-------++-------
  Melee: Dagger            |     5 |       |       |       |       |       |       |       |       ||     5
         Rapier            |    13 |     1 |       |       |       |       |       |       |       ||    14
         Staff             |       |       |       |       |   277 |    78 |    72 |   121 |    69 ||   617
   Fire: Sling             |       |    88 |   317 |   490 |   218 |       |       |       |       ||  1113
   Cast: Sandblast         |    37 |    18 |     1 |     2 |       |       |       |       |       ||    58
         Stone Arrow       |       |       |     3 |    11 |   135 |    75 |     1 |       |       ||   225
         Sticky Flame      |       |       |       |    63 |   121 |    25 |    16 |    10 |     8 ||   243
         Iskenderun's Myst |       |       |       |       |    11 |    32 |    43 |    41 |    30 ||   157
         Ignition          |       |       |       |       |    53 |    70 |   103 |    95 |    19 ||   340
         Plasma Beam       |       |       |       |       |       |   191 |    92 |   139 |   103 ||   525
         Fireball          |       |       |       |       |       |   106 |   112 |    40 |    54 ||   312
         Orb of Destructio |       |       |       |       |       |    31 |    82 |    55 |    36 ||   204
         Call Canine Famil |       |       |       |       |       |       |     2 |       |     1 ||     3
         Lehudib's Crystal |       |       |       |       |       |       |     5 |   106 |   110 ||   221
  Evoke: Wand              |       |       |     8 |    14 |    21 |    11 |     1 |     9 |     1 ||    65
         Lightning rod     |       |       |       |    16 |    20 |     8 |       |     4 |     1 ||    49
         Box of beasts     |       |       |       |     2 |     1 |       |       |       |       ||     3
         Phantom mirror    |       |       |       |     1 |     1 |       |       |       |       ||     2
         Phial of floods   |       |       |       |       |     1 |       |       |       |       ||     1
    Use: Scroll            |       |     9 |     5 |     6 |    17 |    12 |     9 |     7 |       ||    65
         Potion            |       |       |       |     3 |     4 |       |     5 |    11 |     1 ||    24
   Stab: Petrified         |       |       |       |       |     9 |       |       |       |       ||     9
         Sleeping          |       |       |       |       |       |       |     1 |       |       ||     1
         Distracted        |       |       |       |       |       |       |       |     1 |       ||     1
 Armour: Robe              |    31 |    14 |    31 |       |       |       |       |       |       ||    76
         Troll leather arm |       |       |    93 |   257 |   533 |   192 |       |       |       ||  1075
         Animal skin       |       |       |       |       |       |     6 |   172 |   181 |    98 ||   457
  Dodge: Dodged            |    26 |    15 |    82 |   185 |   261 |    87 |    82 |    90 |    54 ||   882
  Block: Buckler           |     9 |     7 |    36 |    60 |   134 |    56 |    41 |    65 |    42 ||   450

Table legend: (Time is in decaauts)
 A = Elapsed time spent in this place.
 B = Non-inter-level travel time spent in this place.
 C = Inter-level travel time spent in this place.
 D = Time resting spent in this place.
 E = Time spent auto-exploring this place.
 F = Levels seen in this place.
 G = Mean time per level.
                   A        B        C        D        E       F      G
               +--------+--------+--------+--------+--------+-----+--------+
         Total |  60593 |  57099 |   3494 |  12132 |  32730 |  52 | 1165.2 |
       Dungeon |  16417 |  14941 |   1476 |   2736 |   9076 |  15 | 1094.5 |
        Temple |     26 |     26 |      0 |      0 |     23 |   1 |   26.0 |
          Lair |   8010 |   7495 |    515 |   1761 |   3741 |   5 | 1602.0 |
        Shoals |   4628 |   4464 |    164 |   1144 |   2436 |   4 | 1157.0 |
     Snake Pit |   5797 |   5616 |    181 |   1290 |   3150 |   4 | 1449.2 |
  Orcish Mines |   2212 |   2089 |    123 |    874 |    865 |   2 | 1106.0 |
   Elven Halls |   3862 |   3637 |    225 |    719 |   2011 |   3 | 1287.3 |
        Vaults |   8068 |   7568 |    500 |   1420 |   4723 |   5 | 1613.6 |
         Crypt |   3526 |   3414 |    112 |    653 |   2169 |   3 | 1175.3 |
        Depths |   5332 |   5138 |    194 |    707 |   3612 |   4 | 1333.0 |
           Zot |     42 |     42 |      0 |      6 |      5 |   1 |   42.0 |
        Bazaar |     49 |     49 |      0 |      0 |     17 |   1 |   49.0 |
         Sewer |    292 |    292 |      0 |     37 |    149 |   1 |  292.0 |
      Ice Cave |    824 |    824 |      0 |    243 |    143 |   1 |  824.0 |
    Desolation |    801 |    801 |      0 |    144 |    475 |   1 |  801.0 |
      Gauntlet |    699 |    699 |      0 |    396 |    133 |   1 |  699.0 |
               +--------+--------+--------+--------+--------+-----+--------+

Top non-repeatable levels by time:
Depths:2: 1973 daAuts
  Lair:5: 1956 daAuts
Vaults:5: 1912 daAuts
Vaults:4: 1876 daAuts
 Snake:4: 1805 daAuts
   Elf:3: 1777 daAuts
     D:8: 1773 daAuts
     D:9: 1727 daAuts
  Lair:3: 1644 daAuts
  Lair:2: 1630 daAuts
Vaults:1: 1608 daAuts
 Snake:1: 1587 daAuts
Shoals:1: 1451 daAuts
    D:13: 1430 daAuts
    D:12: 1422 daAuts
